 Dungeon Crawl Stone Soup version 0.20.1-1-g8b1a95d (webtiles) character file.

3931 KrisztiCat the Bludgeoner (level 10, -1/121 HPs)
             Began as a Minotaur Berserker on Nov 12, 2017.
             Was an Elder of Trog.
             Slain by a soldier ant (4 damage)
             ... on level 8 of the Dungeon.
             The game lasted 00:28:39 (6109 turns).

KrisztiCat the Bludgeoner (Minotaur Berserker)      Turns: 6109, Time: 00:28:40

Health: -1/121     AC: 14    Str: 27    XL:     10   Next: 1%
Magic:  9/9        EV: 13    Int:  6    God:    Trog [****..]
Gold:   421        SH:  6    Dex: 11    Spells: 9/9 levels left

rFire    . . .     SeeInvis .   v - +7 flail (protect)
rCold    . . .     Gourm    .   y - +2 buckler
rNeg     . . .     Faith    .   f - +0 leather armour
rPois    .         Spirit   .   (helmet restricted)
rElec    .         Reflect  .   o - +1 cloak
rCorr    .         Harm     .   F - +0 pair of gloves
MR       ++...                  (no boots)
Stlth    ..........             (no amulet)
Regen    1.3/turn               (no ring)
MPRegen  0.2/turn               (no ring)

@: berserking, lethally poisoned (-1 -> -1), protection aura, regenerating,
slowed
A: retaliatory headbutt, horns 2
a: Berserk, Trog's Hand, Brothers in Arms, Burn Spellbooks, Renounce Religion


You were on level 8 of the Dungeon.
You worshipped Trog.
Trog was greatly pleased with you.
You were hungry.

You visited 2 branches of the dungeon, and saw 10 of its levels.

You collected 421 gold pieces.

Inventory:

Hand Weapons
 a - a +0 mace
 v - a +7 flail of protection (weapon)
 G - a +2 flail of pain
 I - a +1 whip of electrocution
Missiles
 q - 7 poisoned javelins (quivered)
Armour
 f - a +0 leather armour (worn)
 o - a +1 cloak (worn)
 x - a +0 pair of gloves
 y - a +2 buckler (worn)
 F - a +0 pair of gloves (worn)
Jewellery
 m - an uncursed ring of flight {unknown}
 n - a cursed -3 ring of protection {unknown}
 u - a cursed ring of loudness {unknown}
 C - an uncursed ring of ice {unknown}
 L - an uncursed ring of protection from magic {unknown}
Wands
 g - a wand of random effects (25/48)
 r - a wand of flame (36/48)
 w - a wand of random effects (17/48)
 B - a wand of paralysis (9/24)
 E - a wand of disintegration (10/24)
 H - a wand of lightning (12/15)
Scrolls
 e - a scroll of fear
 j - a scroll of identify
 k - 2 scrolls of enchant armour
 s - 3 scrolls of teleportation
 A - a scroll of fog
 J - a scroll of remove curse
Potions
 d - a potion of might
 h - 4 potions of curing
 i - a potion of mutation
 l - 2 potions of haste
 z - a potion of cancellation
 D - a potion of magic
 K - a potion of invisibility {unknown}
Comestibles
 b - 2 royal jellies
 c - 8 bread rations
 p - 2 meat rations
 t - 12 fruits


   Skills:
 + Level 5.4 Fighting
 - Level 15.0 Maces & Flails
 + Level 4.4 Armour
 + Level 4.0 Dodging
 + Level 3.1 Shields


You had 9 spell levels left.
You didn't know any spells.

Dungeon Overview and Level Annotations

Branches:
Dungeon (9/15)             Temple (1/1) D:4            Lair (0/6) D:8
    Orc: D:9-12

Altars:
Ashenzari
Cheibriados
Dithmenos
Elyvilon
Fedhas
Gozag
Hepliaklqana
Kikubaaqudgha
Makhleb
Okawaru
Qazlal
Ru
Vehumet
Xom
Yredelemnul
Zin
The Shining One


Innate Abilities, Weirdness & Mutations

You reflexively headbutt those who attack you in melee.
You have a pair of horns on your head.


Message History

You sock the hornet!
Your weapon exudes an aura of protection.
The hornet is almost dead.
You feel sick. The hornet stings you.
* * * LOW HITPOINT WARNING * * *
You feel as though you will be slow longer.
You are too berserk!
You hit the hornet.
You kill the hornet!
Trog accepts your kill.
Your Dodging skill increases to level 4!
Your Shields skill increases to level 3!
You have reached level 10!
You feel sick.
You hit the soldier ant. Your headbutt misses the soldier ant.
The soldier ant is lightly wounded.
You hit the soldier ant. You headbutt the soldier ant!
The soldier ant is severely wounded.
You feel sick. The soldier ant stings you.
You die...

#... #.#. #... ##
##### ##.# ## #a# #
. ...# #.# #.#.##
#.####.####.#
#a#.###.##........#
#.#a##.........#####
.. ###@##...#..#..#
##.^#.....##.......#
..........##....##.#
..........##.#.###.#
#.#.......##.#.###.#
...................#
###......###########
........# ######.###


You could see 2 soldier ants.

Vanquished Creatures
  A two-headed ogre (D:7)
  Pikel (D:7)
  A hornet (D:8)
  Sigmund (D:3)
  A water moccasin (D:7)
  2 sky beasts
  A necrophage (D:5)
  An orc warrior (D:7)
  2 ice beasts
  2 black bears (D:7)
  4 ogres
  A centaur (D:6)
  Blork the orc (D:5)
  A water moccasin skeleton (D:7)
  5 wights
  A howler monkey (D:5)
  A crimson imp (D:5)
  2 hounds (D:6)
  A jelly (D:7)
  6 orc wizards
  An orc priest (D:6)
  Crazy Yiuf (D:2)
  Jessica (D:2)
  Ijyb (D:5)
  4 worker ants
  2 iguanas (D:4)
  Terence (D:3)
  Robin (D:3)
  3 gnolls (D:2)
  A howler monkey skeleton (D:5)
  7 adders
  4 shadow imps
  An ooze (D:2)
  An adder zombie (D:7)
  3 adder skeletons
  2 worms
  4 dart slugs
  6 leopard geckos
  18 orcs
  A ball python (D:1)
  2 bats
  6 giant cockroaches
  14 goblins
  7 hobgoblins
  19 jackals
  3 quokkas
  8 frilled lizards
  8 kobolds
  A quokka skeleton (D:4)
  4 rats
171 creatures vanquished.

Vanquished Creatures (others)
  3 slaves (D:7)
  A crimson imp (D:7)
  An adder (D:7)
  A quokka (D:7)
6 creatures vanquished.

Grand Total: 177 creatures vanquished

Notes
Turn   | Place    | Note
-------+----------+-------------------------------------------
     0 | D:1      | KrisztiCat the Minotaur Berserker began the quest for the Orb.
     0 | D:1      | Reached XP level 1. HP: 19/19 MP: 0/0
    95 | D:2      | Reached skill level 4 in Maces & Flails
    95 | D:2      | Reached XP level 2. HP: 11/27 MP: 1/1
   921 | D:2      | Reached XP level 3. HP: 29/33 MP: 2/2
   921 | D:2      | Reached ** piety under Trog
   966 | D:2      | Found a glowing golden altar of the Shining One.
   985 | D:2      | Reached skill level 5 in Maces & Flails
  1063 | D:2      | Found a runed door.
  1109 | D:2      | Reached XP level 4. HP: 12/40 MP: 3/3
  1459 | D:2      | Noticed Jessica
  1465 | D:2      | Killed Jessica
  1465 | D:2      | Reached skill level 6 in Maces & Flails
  1495 | D:3      | Noticed Sigmund
  1661 | D:2      | Noticed Crazy Yiuf
  1665 | D:2      | Killed Crazy Yiuf
  1665 | D:2      | Reached XP level 5. HP: 24/46 MP: 4/4
  1801 | D:3      | Found a stormy altar of Qazlal.
  1804 | D:3      | Noticed Robin
  1814 | D:3      | Reached skill level 7 in Maces & Flails
  1824 | D:3      | Killed Robin
  1996 | D:3      | Killed Sigmund
  1996 | D:3      | Reached skill level 8 in Maces & Flails
  1996 | D:3      | Reached XP level 6. HP: 52/52 MP: 5/5
  2129 | D:3      | Noticed Terence
  2137 | D:3      | Killed Terence
  2376 | D:3      | Reached *** piety under Trog
  2376 | D:3      | Reached skill level 9 in Maces & Flails
  2544 | D:5      | Entered Level 5 of the Dungeon
  2812 | D:4      | Reached XP level 7. HP: 51/58 MP: 6/6
  2919 | D:4      | Found a staircase to the Ecumenical Temple.
  2940 | D:4      | Reached skill level 10 in Maces & Flails
  2954 | Temple   | Entered the Ecumenical Temple
  3316 | D:5      | Received a gift from Trog
  3540 | D:5      | Reached skill level 11 in Maces & Flails
  3565 | D:5      | Noticed Blork the orc
  3570 | D:5      | Killed Blork the orc
  3570 | D:5      | Reached XP level 8. HP: 65/65 MP: 7/7
  3611 | D:5      | Noticed Ijyb
  3611 | D:5      | Paralysed by Ijyb for 2 turns
  3620 | D:5      | Killed Ijyb
  3953 | D:5      | Reached skill level 12 in Maces & Flails
  4397 | D:6      | Found a white marble altar of Elyvilon.
  4521 | D:6      | Found a shadowy altar of Dithmenos.
  4595 | D:6      | Reached skill level 13 in Maces & Flails
  4953 | D:7      | Reached **** piety under Trog
  4967 | D:7      | Reached XP level 9. HP: 66/70 MP: 8/8
  5101 | D:7      | Noticed Pikel
  5110 | D:7      | Killed Pikel
  5110 | D:7      | Reached skill level 14 in Maces & Flails
  5410 | D:7      | Reached skill level 15 in Maces & Flails
  5719 | D:7      | Noticed a two-headed ogre
  5731 | D:7      | Killed a two-headed ogre
  5731 | D:7      | Reached skill level 5 in Fighting
  5905 | D:7      | Found a snail-covered altar of Cheibriados.
  5905 | D:7      | Found a shattered altar of Ashenzari.
  6010 | D:8      | Found a staircase to the Lair.
  6101 | D:8      | Paralysed by a hornet for 1 turns
  6106 | D:8      | HP: 2/111 [hornet (5)]
  6107 | D:8      | Reached XP level 10. HP: 3/81 MP: 9/9
  6109 | D:8      | Slain by a soldier ant

Skill      XL: |  1  2  3  4  5  6  7  8  9 |
---------------+----------------------------+-----
Maces & Flails | 4 5 6 8 9 11 13 15 | 15.0
Fighting       | 5 |  5.4
Armour         | 4 |  4.4
Dodging        | 4 |  4.0
Shields        | 3 |  3.1

Action                   |  1- 3 |  4- 6 |  7- 9 | 10-12 || total
-------------------------+-------+-------+-------+-------++-------
Melee: Mace              |    53 |    94 |       |       ||   147
       Headbutt          |    10 |    14 |    36 |     1 ||    61
       Flail             |       |    20 |   203 |     2 ||   225
Throw: Javelin           |       |       |     2 |       ||     2
Invok: Berserk           |     2 |     3 |     4 |       ||     9
       Trog's Hand       |       |     3 |     3 |       ||     6
       Burn Spellbooks   |       |       |     1 |       ||     1
  Use: Potion            |       |     3 |     1 |       ||     4
       Scroll            |       |     9 |     3 |       ||    12
  Eat: Chunk             |     2 |     9 |    13 |       ||    24
       Royal jelly       |       |       |     1 |       ||     1
Armor: Animal skin       |     4 |       |       |       ||     4
       Leather armour    |     8 |    32 |    65 |       ||   105
Dodge: Dodged            |    57 |    74 |    87 |       ||   218
Block: Buckler           |       |       |    42 |       ||    42
